Map: Automaton LE

Players

Peaches

  • Race: Protoss Protoss
  • League: Gold
  • Spawn Location: 3:00

Mesrob - Winner!

  • Race: Terran Terran
  • League: Gold
  • Spawn Location: 9:00

VOD

Have the link to the VOD?

Description

Time

  • Played on: Jan. 16, 2019, 10:17 p.m.
  • Length: 17:39
Show
View Real Time Build Order
Export as new Build Order

Peaches Protoss 

Build Orders: Chargelot Immortal 

Get SALT Encoding   

  1  0:00  Probe  
  12  0:05  Probe  
  14  0:15  Probe  
  15  0:23  Pylon  
  15  0:41  Probe  
  15  0:42  Gateway  
  16  0:47  Assimilator  
  16  0:53  Probe  
  17  1:01  Probe  
  17  1:03  Gateway  
  17  1:11  Probe  
  19  1:24  Pylon  
  19  1:26  Probe  
  20  1:34  Cybernetics Core  
  20  1:38  Probe  
  21  1:50  Probe  
  22  1:55  Zealot  
  24  2:11  Probe  
  25  2:18  Stalker  
  25  2:22  Stalker  
  29  2:30  Probe  
  29  2:36  Warp Gate  
  30  2:42  Probe  
  30  2:43  Pylon  
  31  2:59  Nexus  
  31  3:03  Stalker  
  31  3:04  Stalker  
  35  3:17  Probe  
  36  3:27  Pylon, Probe  
  37  3:35  Probe, Robotics Facility  
  38  3:43  Probe  
  38  3:47  Zealot x2  
  43  3:57  Probe  
  44  4:06  Forge  
  44  4:10  Twilight Council  
  44  4:11  Probe x2  
  44  4:13  Pylon  
  46  4:28  Probe  
  46  4:29  Probe  
  46  4:31  Assimilator  
  46  4:35  Zealot x2  
  52  4:39  Assimilator  
  52  4:44  Probe x2  
  54  4:48  Immortal  
  58  4:56  Probe x2  
  60  5:00  Zealot  
  60  5:01  Zealot  
  64  5:11  Protoss Ground Weapons Level 1  
  64  5:30  Charge  
  64  5:47  Probe x2  
  64  5:49  Immortal  
  68  5:59  Probe x2  
  68  6:01  Pylon  
  70  6:04  Pylon  
  70  6:06  Pylon  
  70  6:08  Pylon  
  70  6:11  Pylon  
  70  6:14  Pylon  
  70  6:22  Gateway  
  70  6:25  Gateway  
  70  6:26  Gateway  
  70  6:28  Observer  
  70  6:31  Gateway x2  
  71  6:40  Probe x2  
  71  6:45  Photon Cannon  
  73  6:50  Photon Cannon  
  73  6:54  Protoss Ground Armor Level 1, Blink  
  73  7:06  Immortal  
  77  7:14  Probe x2  
  79  7:21  Zealot x4  
  79  7:22  Zealot  
  89  7:25  Zealot x2  
  93  7:45  Immortal  
  93  7:50  Robotics Bay  
  97  7:53  Forge  
  97  7:55  Photon Cannon  
  97  8:15  Stalker x4  
  97  8:16  Stalker x3  
  111  9:06  Pylon  
  111  9:07  Pylon  
  111  9:08  Probe x2  
  111  9:09  Shield Battery  
  113  9:11  Assimilator  
  113  9:15  Nexus  
  113  9:16  Pylon  
  113  9:18  Pylon  
  113  9:19  Pylon  
  113  9:21  Pylon  
  109  9:32  Protoss Ground Weapons Level 2  
  109  9:37  Protoss Ground Armor Level 2  
  48  9:52  Zealot x2  
  48  9:53  Zealot x5  
  62  10:00  Colossus  
  62  10:08  Extended Thermal Lance  
  68  10:23  Robotics Facility  
  68  10:26  Probe x2  
  70  10:38  Probe x2  
  72  10:47  Zealot x2  
  72  10:48  Zealot x5  
  86  10:50  Nexus  
  86  10:53  Pylon  
  86  11:22  Stalker x3  
  86  11:23  Stalker x4  
  100  11:27  Colossus  
  106  11:34  Colossus  
  112  11:53  Zealot x2  
  116  11:56  Probe x2  
  116  11:57  Probe  
  116  11:59  Probe  
  119  12:04  Probe x2  
  119  12:05  Probe  
  119  12:07  Probe  
  121  12:09  Assimilator  
  121  12:11  Assimilator  
  121  12:12  Probe x2  
  121  12:13  Probe  
  121  12:15  Sentry x2  
  126  12:16  Sentry  
  126  12:17  Probe  
  134  12:24  Probe  
  134  12:25  Zealot x4  
  143  12:31  Protoss Ground Weapons Level 3, Protoss Ground Armor Level 3  
  139  12:48  Immortal x2  
  139  13:08  Stalker x5  
  139  13:09  Stalker x2  
  152  14:20  Immortal x2  
  152  14:21  Probe x4  
  164  14:33  Probe  
  165  14:47  Gateway x2, Nexus  
  165  14:50  Pylon  
  165  14:51  Gateway x2  
  165  14:53  Pylon  
  165  14:56  Pylon  
  165  15:00  Pylon  
  165  15:19  Immortal x2  
  173  15:24  Zealot x6  
  173  15:25  Zealot  
  117  16:08  Zealot  
  97  16:12  Zealot x2  
  97  16:13  Zealot x8  
  101  16:34  Zealot  
  101  16:35  Zealot x7  
  101  16:36  Immortal x2, Zealot x3  
  85  17:03  Robotics Facility  
  85  17:04  Zealot  
  85  17:05  Zealot x7  
  85  17:06  Zealot x3  
Show
View Real Time Build Order
Export as new Build Order

Mesrob Terran - Winner!

Build Orders: 2 Factory, Mech 

Get SALT Encoding   

  12  0:00  SCV  
  13  0:13  SCV  
  14  0:18  Supply Depot  
  14  0:25  SCV  
  15  0:40  Barracks, SCV  
  16  0:50  Refinery  
  16  0:52  SCV  
  17  1:04  SCV  
  18  1:16  SCV  
  19  1:28  Orbital Command  
  19  1:41  Command Center  
  19  1:44  Marine  
  20  2:05  Bunker  
  20  2:19  Factory, SCV  
  21  2:31  SCV  
  21  2:36  Supply Depot  
  23  2:45  SCV  
  23  2:53  Barracks Tech Lab  
  23  2:55  Engineering Bay  
  23  2:58  Supply Depot  
  23  2:59  Orbital Command  
  23  3:11  Factory  
  23  3:24  Siege Tank  
  26  3:29  Marine  
  27  3:34  Refinery  
  27  3:37  Supply Depot  
  27  4:01  Supply Depot  
  27  4:05  Refinery, Factory Reactor  
  27  4:19  Siege Tank  
  30  4:24  Missile Turret  
  30  4:25  Command Center  
  30  4:28  SCV  
  30  4:29  SCV  
  32  4:41  Factory  
  32  4:45  Hellion  
  34  4:47  Marine, Missile Turret  
  34  4:52  SCV  
  36  4:58  SCV  
  37  5:03  Refinery  
  37  5:04  SCV  
  38  5:08  Missile Turret  
  38  5:10  SCV  
  38  5:12  Siege Tank  
  42  5:16  SCV  
  43  5:22  SCV  
  44  5:28  SCV  
  44  5:32  Factory Reactor  
  44  5:34  SCV  
  46  5:40  SCV  
  46  5:41  Supply Depot  
  47  5:46  SCV  
  48  5:56  Siege Tank  
  51  5:58  SCV  
  51  6:01  Hellion x2  
  56  6:05  Supply Depot  
  56  6:12  Armory  
  56  6:19  SCV  
  56  6:20  SCV  
  58  6:32  SCV x2  
  62  6:40  Hellion x2  
  62  6:41  Hellion x2  
  68  6:59  Armory  
  68  7:10  Terran Vehicle Weapons Level 1  
  68  7:17  Supply Depot  
  68  7:39  Supply Depot  
  68  7:50  Missile Turret  
  68  7:52  Thor  
  68  7:53  Hellbat  
  68  7:54  Hellbat x3  
  82  8:10  Missile Turret  
  82  8:16  Hellbat  
  82  8:17  Hellbat x2  
  82  8:18  Hellbat  
  90  8:31  Missile Turret, SCV x2  
  92  8:35  Thor  
  98  8:43  SCV x2  
  100  8:55  SCV x2  
  102  9:07  SCV, Terran Vehicle Weapons Level 2  
  102  9:09  Terran Vehicle And Ship Armor Level 1  
  103  9:12  Supply Depot  
  103  9:17  Supply Depot  
  96  9:38  Supply Depot  
  80  9:40  Supply Depot, Thor  
  80  9:41  Hellion, Hellbat x2  
  66  10:03  Supply Depot  
  66  10:06  Factory  
  66  10:07  Factory x2, Supply Depot  
  66  10:08  Factory  
  66  10:12  Factory  
  66  10:15  Factory  
  66  10:23  Hellbat x2, Thor  
  66  10:24  Hellbat x2  
  66  10:28  Supply Depot  
  80  10:32  Supply Depot  
  80  10:33  Planetary Fortress  
  80  10:38  SCV x2  
  82  10:45  Hellion, Hellbat  
  82  10:46  Refinery  
  82  10:49  Sensor Tower  
  86  10:50  SCV x2  
  86  10:51  Factory  
  86  10:52  Factory, Supply Depot  
  86  10:53  Sensor Tower  
  86  10:55  Factory  
  88  11:00  Supply Depot  
  88  11:06  Factory Reactor  
  88  11:07  Factory Tech Lab x3, Sensor Tower  
  88  11:08  Factory Tech Lab  
  88  11:12  Factory Tech Lab  
  88  11:20  Supply Depot  
  88  11:21  Refinery  
  88  11:23  Supply Depot  
  88  11:26  Missile Turret  
  88  11:35  Thor  
  100  11:44  Supply Depot  
  100  11:45  Missile Turret  
  100  11:48  Command Center  
  100  11:58  Factory Tech Lab  
  100  11:59  Factory Tech Lab, Factory Reactor  
  100  12:02  Thor  
  100  12:04  Missile Turret  
  100  12:07  Thor  
  112  12:16  SCV x2  
  112  12:17  SCV  
  114  12:24  Missile Turret  
  114  12:28  SCV  
  115  12:43  Missile Turret  
  114  13:02  Command Center  
  114  13:09  Thor x2  
  114  13:10  Thor  
  114  13:12  Hellbat x3  
  144  13:14  Hellbat, Sensor Tower  
  144  13:17  Hellbat  
  144  13:19  Hellbat  
  150  13:22  Hellbat  
  150  13:24  Hellbat  
  154  13:29  Hellion  
  154  13:41  Hellbat  
  154  13:42  Hellbat x3  
  154  13:43  Hellbat, Supply Depot  
  159  14:05  Thor x2  
  169  14:22  Planetary Fortress  
  169  14:25  SCV x2  
  169  14:28  SCV  
  172  14:37  SCV x2  
  172  14:38  Refinery  
  174  14:40  SCV  
  174  14:43  Hellion  
  175  14:49  SCV x2  
  175  14:51  Thor x2  
  175  14:52  SCV  
  189  15:01  SCV  
  190  15:12  Thor  
  196  15:15  Hellbat  
  196  15:16  Hellbat  
  184  15:51  Thor x3  
  184  15:52  Thor  
  184  15:54  Hellbat x3  
  184  15:55  Hellbat x2  
  184  15:56  Hellbat  
  171  16:11  Thor  
  171  16:12  Thor  
  183  16:31  Refinery  
  183  16:32  Refinery  
  170  17:34  Command Center  
  198  17:39  Command Center  
Tags
 
League
GoldGold
Matchup
PvT
Opening
2 Factory
Replay Pack
sc2 replays
Spawn Locations
Cross Positions
Add a new tag
Caveats
  • Supply blocks, unpowered buildings, or Contaminate may cause inaccurate times.
  • Supply counts are checked every 10 seconds.